 Dungeon Crawl Stone Soup version 0.28.0 (webtiles) character file.

Game seed: 10630999051288963302

19 croobank the Firebug (level 2, -1/20 HPs)
             Began as a Gnoll Fire Elementalist on Feb 11, 2022.
             Slain by a jackal (2 damage)
             ... on level 1 of the Dungeon.
             The game lasted 00:03:40 (1064 turns).

croobank the Firebug (Gnoll Fire Elementalist)      Turns: 1064, Time: 00:03:41

Health: -1/20      AC:  2    Str:  7    XL:     2   Next: 75%
Magic:  6/7        EV: 13    Int: 14    God:
Gold:   47         SH:  0    Dex: 12    Spells: 7/10 levels left

rFire   . . .      SeeInvis .   d - +0 short sword
rCold   . . .      Faith    .   (no shield)
rNeg    . . .      Spirit   .   a - +0 robe
rPois   .          Reflect  .   (no helmet)
rElec   .          Harm     .   (no cloak)
rCorr   .          Rampage  .   (no gloves)
Will    .....                   (no boots)
Stlth   ++........              (no amulet)
HPRegen 0.06/turn               (no ring)
MPRegen 0.10/turn               (no ring)

@: no status effects
A: fangs 1, strong nose, distributed training
a: no special abilities


You were on level 1 of the Dungeon.
You visited 1 branch of the dungeon, and saw 2 of its levels.

You collected 47 gold pieces.

Inventory:

Hand Weapons
 d - a +0 short sword (weapon)
 h - a +0 war axe
Missiles
 b - 60 stones
 f - 21 sling bullets
 i - 15 bolts
Armour
 a - a +0 robe (worn)
Magical Staves
 k - a staff of cold
Scrolls
 c - a scroll of identify {unknown}
 e - a scroll of teleportation {unknown}
 g - a scroll of noise {unknown}
Potions
 j - a potion of lignification {unknown}


   Skills:
 + Level 0.5 Fighting
 + Level 0.5 Short Blades
 + Level 0.5 Long Blades
 + Level 0.5 Axes
 + Level 0.5 Maces & Flails
 + Level 0.5 Polearms
 + Level 0.5 Staves
 + Level 0.5 Slings
 + Level 0.5 Bows
 + Level 0.5 Crossbows
 + Level 0.5 Throwing
 + Level 0.5 Armour
 + Level 4.5 Dodging
 + Level 4.1 Stealth
 + Level 0.5 Shields
 + Level 0.5 Unarmed Combat
 + Level 4.9 Spellcasting
 + Level 2.0 Conjurations
 + Level 0.3 Hexes
 + Level 0.3 Summonings
 + Level 0.3 Necromancy
 + Level 0.3 Translocations
 + Level 0.3 Transmutations
 + Level 5.3 Fire Magic
 + Level 0.3 Ice Magic
 + Level 0.3 Air Magic
 + Level 0.3 Earth Magic
 + Level 0.3 Poison Magic
 + Level 0.6 Invocations
 + Level 0.5 Evocations


You had 7 spell levels left.
You knew the following spells:

 Your Spells              Type           Power      Damage    Failure   Level
a - Foxfire               Conj/Fire      52%        2x1d6     3%          1
b - Scorch                Fire           36%        2d6       3%          2

Your spell library contained the following spells:

 Spells                   Type           Power      Damage    Failure   Level
 Conjure Flame            Conj/Fire      13%        6-21      12%         3
 Inner Flame              Hex/Fire       11%        N/A       16%         3
 Flame Wave               Conj/Fire      13%        2d6       36%         4


Dungeon Overview and Level Annotations

Branches:
Dungeon (2/15)

Altars:


Innate Abilities, Weirdness & Mutations

You have very sharp teeth.
Your uncanny sense of smell can sniff out nearby items.
Your experience applies equally to all skills.


Message History

The jackal completely misses you.
The jackal bites you but does no damage.
You closely miss the jackal.
The jackal is heavily wounded.
The jackal bites you. The jackal closely misses you.
You closely miss the jackal.
The jackal is heavily wounded.
The jackal closely misses you.
You barely miss the jackal.
The jackal is heavily wounded.
The jackal barely misses you.
You hit the jackal but do no damage. Your bite misses the jackal.
The jackal is heavily wounded.
The jackal bites you. The jackal completely misses you.
You barely miss the jackal.
The jackal is heavily wounded.
The jackal misses you.
You hit the jackal.
The jackal is severely wounded.
The jackal bites you but does no damage.
The jackal bites you. The jackal bites you.
You climb upwards.
There is a stone staircase leading down here.
You barely miss the jackal.
The jackal is heavily wounded.
The jackal misses you. The jackal barely misses you.
You barely miss the jackal. You bite the jackal, but do no damage.
The jackal is heavily wounded.
The jackal closely misses you.
You hit the jackal. Your bite misses the jackal.
The jackal is severely wounded.
The jackal bites you.
* * * LOW HITPOINT WARNING * * *
The jackal bites you.
* * * LOW HITPOINT WARNING * * *
You closely miss the jackal.
The jackal is severely wounded.
The jackal bites you.
You die...

.........# #.#
....#############.#
....#.............#
....#.#########...#############
....#.# #...............#
....#.###### #....##########.#
....#......# #....# #.#
....#......#######.# #.#
...............h@#.# #.#
##################.# ####.##
##...####..#.#.....# #.....#
##.##.##.#..#..##..# #.#####
..###...#####..##..# #.# ..#
####..##.#.##..# #.# #.##
#####.###.....# #.#
##.###.##.##.#####.# #.#
###...####..##.....# #.#


You could see a jackal.

Vanquished Creatures
  4 ball pythons (D:1)
  2 endoplasms (D:1)
  A hobgoblin (D:2)
  A jackal (D:2)
  3 kobolds (D:1)
  A quokka (D:1)
  4 bats
  A rat (D:1)
  A spectral hobgoblin (D:1)
18 creatures vanquished.

Vanquished Creatures (others)
  41 foxfires
41 creatures vanquished.

Grand Total: 59 creatures vanquished

Notes
Turn   | Place    | Note
-------+----------+-------------------------------------------
     0 | D:1      | croobank the Gnoll Fire Elementalist began the quest for
                  | the Orb.
     0 | D:1      | Reached XP level 1. HP: 13/13 MP: 6/6
   234 | D:1      | Reached XP level 2. HP: 19/19 MP: 4/7
   234 | D:1      | Found a faded altar of an unknown god.
   239 | D:1      | Learned a level 2 spell: Scorch
  1063 | D:1      | HP: 1/20 [jackal (3)]
  1064 | D:1      | Slain by a jackal

Illustrated notes

Levels and vault maps discovered:
D:1:      dpeg_arrival_signposts, layout_basic,
          dreamdust_ecumenical_altar_drowned_temple
D:2:      layout_basic, minivault_26

Skill      XL: |  1 |
---------------+----+-----
Conjurations   | 2 |  2.0
Fighting       | |  0.5
Short Blades   | |  0.5
Long Blades    | |  0.5
Axes           | |  0.5
Maces & Flails | |  0.5
Polearms       | |  0.5
Staves         | |  0.5
Slings         | |  0.5
Bows           | |  0.5
Crossbows      | |  0.5
Throwing       | |  0.5
Armour         | |  0.5
Dodging        | |  4.5
Stealth        | |  4.1
Shields        | |  0.5
Unarmed Combat | |  0.5
Spellcasting   | |  4.9
Hexes          | |  0.3
Summonings     | |  0.3
Necromancy     | |  0.3
Translocations | |  0.3
Transmutations | |  0.3
Fire Magic     | |  5.3
Ice Magic      | |  0.3
Air Magic      | |  0.3
Earth Magic    | |  0.3
Poison Magic   | |  0.3
Invocations    | |  0.6
Evocations     | |  0.5

Action                   || total
-------------------------++-------
Melee: Unarmed           ||     1
       Short sword       ||    19
       Bite              ||     1
 Cast: Foxfire           ||    25
Armor: Robe              ||     9
Dodge: Dodged            ||    21
